[Event "Early-Titled-Tuesday-Blitz-February-06-2024"]
[Site "Chess.com"]
[Date "2024.02.06"]
[Round "8"]
[White "ClaudiaSof"]
[Black "Ruchess27"]
[Result "0-1"]
[WhiteElo "2273"]
[BlackElo "2459"]
[TimeControl "180+1"]
[EndTime "9:28:14 PST"]
[Termination "Ruchess27 won by resignation"]

1. d4 d5 2. Bf4 Nf6 3. e3 e6 4. Nd2 Bd6 5. Bg3 O-O 6. Ngf3 c5 7. c3 Nc6 8. Bd3 b6 9. Ne5 Bb7 10. f4 Qc7 11. Bh4 Be7 12. Qf3 Rae8 13. g4 Nd7 14.
Bxe7 Nxe7 15. Qh3 f5 16. gxf5 Nxf5 17. Ndf3 Nf6 18. O-O-O Nxe3 19. Ng5 Nf5 20. Nxe6 Rxe6 21. Bxf5 Re7 22. Kb1 Bc8 23. Bxc8 Rxc8 24. Rc1 Ne4 25. Qe3 a5 26. Rhg1 a4 27. a3 Qd6 28. f5 Qf6 29.
Qf4 Rf8 30. Rcf1 b5 31. dxc5 Rxe5 0-1

[Event "Early-Titled-Tuesday-Blitz-February-06-2024"]
[Site "Chess.com"]
[Date "2024.02.06"]
[Round "8"]
[White "pavet"]
[Black "SaqoChess_Twitch"]
[Result "1-0"]
[WhiteElo "2772"]
[BlackElo "2616"]
[TimeControl "180+1"]
[EndTime "9:28:15 PST"]
[Termination "pavet won by resignation"]

1. e4 c5 2. Nf3 d6 3. d4 cxd4 4. Nxd4 Nf6 5. Nc3 g6 6. Be3 Bg7 7. f3 O-O 8. Qd2 Nc6 9. O-O-O d5 10. Bh6 dxe4 11. Bxg7 Kxg7 12. Nxc6 Qxd2+ 13. Rxd2 bxc6 14.
fxe4 Be6 15. Be2 Rfd8 16. Rhd1 Rxd2 17. Rxd2 h5 18. b3 h4 19. h3 g5 20. Bf3 g4 21. hxg4 Nxg4 22. Ne2 Ne5 23. Nd4 Bd7 24. Bd1 c5 25. Nf3 Nxf3 26. Rxd7 Ne5 27. Rxe7 Kf6 28. Rc7 Rg8 29. Rxc5 Rxg2 30. Rc3 Rg3 31. Rc8 Ng6 32. Rc5 Ne5 33. Rc8 Kg7 34. Rc5 f6 35. Rc7+ Kg6 36.
Rc8 Nf7 37. Be2 h3 38. Rg8+ Kh6 39. Rxg3 Ng5 40. Bf1 h2 41. Bg2 Kh5 42. c4 Kh4 43.
Rc3 Ne6 44. Rh3+ Kg4 45. Rxh2 Kg3 46. Rh6 Kxg2 47. Rxf6 Nd4 48. Ra6 Kf3 49. e5 Ke4 50. e6 Nf5 51. Rxa7 Kd4 52. e7 Kc3 53. e8=Q Nd4 54. Qe1+ Kd3 55. Qd2+ Ke4 56. Re7+ Kf5 57. Qxd4 Kg6 58. Re5 Kf7 59. Qd6 Kg8 60. Re7 1-0

[Event "Early-Titled-Tuesday-Blitz-February-06-2024"]
[Site "Chess.com"]
[Date "2024.02.06"]
[Round "8"]
[White "Rurep26"]
[Black "Maxfan2008"]
[Result "0-1"]
[WhiteElo "2746"]
[BlackElo "2567"]
[TimeControl "180+1"]
[EndTime "9:28:16 PST"]
[Termination "Maxfan2008 won by resignation"]

1. d4 d5 2. Bf4 Nf6 3. e3 c5 4. Nc3 cxd4 5. exd4 a6 6. Nf3 Bg4 7. Be2 Nc6 8. Ne5 Bxe2 9. Nxe2 e6 10. O-O Be7 11. Ng3 O-O 12. c3 Rc8 13. Re1 b5 14. a3 a5 15. Re3 Qb6 16. Bg5 Qb7 17. Bxf6 Bxf6 18. Nh5 Bg5 19. Rg3 f6 20. Nd3 Kh8 21.
Qg4 Qf7 22. Nc5 Rce8 23. h4 Bh6 24. Nf4 e5 25. Nfd3 f5 26. Qd1 exd4 27. f4 dxc3 28.
bxc3 d4 29. cxd4 Nxd4 30. Ne5 Qd5 31. Ned7 Ne2+ 32. Kf2 Qc4 33. Qd3 Qxf4+ 34. Rf3 Qxh4+ 35. Rg3 0-1

[Event "Early-Titled-Tuesday-Blitz-February-06-2024"]
[Site "Chess.com"]
[Date "2024.02.06"]
[Round "8"]
[White "Genghis_K"]
[Black "dropstoneDP"]
[Result "0-1"]
[WhiteElo "2907"]
[BlackElo "3030"]
[TimeControl "180+1"]
[EndTime "9:28:18 PST"]
[Termination "dropstoneDP won on time"]

1. e4 e5 2. Nf3 Nf6 3. d4 Nxe4 4.
Bd3 d5 5. Nxe5 Nd7 6. Nc3 Bb4 7. O-O Nxe5 8. dxe5 Nxc3 9. bxc3 Bxc3 10. Rb1 O-O 11. Bxh7+ Kxh7 12. Qd3+ Kg8 13. Qxc3 a5 14. f4 d4 15. Qd3 Re8 16. Bd2 Ra6 17. Rbe1 Qd5 18. f5 f6 19. e6 Bxe6 20. fxe6 Raxe6 21. Rxe6 Rxe6 22. c4 Qd7 23. Qf5 b6 24. h4 Qc6 25.
h5 Re2 26. Qg4 Rxd2 27. h6 g5 28. Re1 d3 29. h7+ Kh8 30. Re7 Qc5+ 0-1

[Event "Early-Titled-Tuesday-Blitz-February-06-2024"]
[Site "Chess.com"]
[Date "2024.02.06"]
[Round "8"]
[White "Timerkhanov"]
[Black "Bauman_Guy"]
[Result "0-1"]
[WhiteElo "2654"]
[BlackElo "2871"]
[TimeControl "180+1"]
[EndTime "9:28:19 PST"]
[Termination "Bauman_Guy won on time"]

1. d4 Nf6 2. Bg5 Ne4 3. h4 d5 4.
Nd2 Nxg5 5. hxg5 g6 6. e3 h5 7.
gxh6 Rxh6 8. Rxh6 Bxh6 9. c4 c6 10. Qb3 Kf8 11. Ngf3 a5 12. Rc1 a4 13. Qa3 Kg8 14.
cxd5 cxd5 15. Ne5 Nd7 16. Ndf3 Bf8 17. Qc3 Nxe5 18. Nxe5 Qb6 19. Nd3 Bf5 20. Qc5 Qd8 21. Qc7 Qe8 22. Qxb7 e6 23. Qc6 Qb8 24. Be2 Ra7 25.
Qc8 Qb6 26. Ne5 Qxb2 27. g4 Bb1 28. Rc6 Qb7 29. Qxb7 Rxb7 30. Ra6 a3 31. Ra8 Bxa2 32. Ba6 Rb1+ 33. Kd2 Rb2+ 34. Ke1 Bb3 0-1

[Event "Early-Titled-Tuesday-Blitz-February-06-2024"]
[Site "Chess.com"]
[Date "2024.02.06"]
[Round "8"]
[White "snowlord"]
[Black "Yurovskykh_Oleksandr"]
[Result "1-0"]
[WhiteElo "2862"]
[BlackElo "2647"]
[TimeControl "180+1"]
[EndTime "9:28:19 PST"]
[Termination "snowlord won by resignation"]

1. e4 e6 2. d4 d5 3. Nc3 dxe4 4.
Nxe4 Bd7 5. Nf3 Bc6 6. Ng3 Nd7 7. Bd3 Ngf6 8. O-O g6 9. Re1 Bg7 10. h4 O-O 11. h5 b6 12. Bg5 Bb7 13. h6 Bh8 14.
Qe2 c5 15. Rad1 cxd4 16. Bc4 Re8 17. Rxd4 Qc7 18. Bb5 a6 19. Bxf6 Nxf6 20. Bxe8 Rxe8 21. c4 Nd7 22. Rd2 Nc5 23. Red1 Bf6 24. b4 Na4 25. Rd7 Qc6 26. b5 axb5 27. cxb5 Qc8 28. Ne4 Bxe4 29. Qxe4 Nc5 30. Qc6 Qxc6 31. bxc6 Nxd7 32.
Rxd7 Rc8 33. Rb7 Kf8 34. Rxb6 e5 35. Nd2 Bg5 36. Nc4 Bxh6 37. Nd6 Rc7 38. Nb5 Rc8 39. Na7 Rc7 40. Rb7 Re7 41. Rxe7 Kxe7 42. c7 1-0

[Event "Early-Titled-Tuesday-Blitz-February-06-2024"]
[Site "Chess.com"]
[Date "2024.02.06"]
[Round "8"]
[White "casparov00000"]
[Black "bteillet"]
[Result "1-0"]
[WhiteElo "2322"]
[BlackElo "2159"]
[TimeControl "180+1"]
[EndTime "9:28:19 PST"]
[Termination "casparov00000 won by resignation"]

1. e4 d6 2. d4 Nf6 3. Nc3 g6 4. Nf3 Bg7 5. Be2 O-O 6. O-O c6 7. h3 Nbd7 8. Be3 Qc7 9. Qd2 e5 10. Rad1 Re8 11. dxe5 dxe5 12. Qd6 Qxd6 13. Rxd6 Nb6 14.
Rfd1 Nfd7 15. a4 Bf8 16. R6d2 Nc5 17. a5 Nba4 18. Nxa4 Nxa4 19. Rd8 Be6 20. Rxa8 Rxa8 21. Nxe5 Nxb2 22. Rb1 Na4 23. Rxb7 Nc5 24. Bxc5 Bxc5 25. Nxc6 Re8 26. Bd3 Bc8 27. Rb8 Kf8 28. Kf1 h6 29.
Ke2 Bd6 30. Ra8 Bc5 31. f3 Bb7 32. Rxe8+ Kxe8 33. Ne5 Bd6 34. Nc4 Bc7 35. Ke3 Ke7 36. Kd4 f6 37. Kc5 Kd7 38. Kb5 a6+ 39. Kb4 Kc6 40.
Ne3 Bc8 41. Bc4 Bd6+ 42. Ka4 Kc5 43. Bf7 g5 44. Nd5 Be5 45. Be8 Bb7 46. Ne7 Kd4 47.
Nf5+ Kc3 48. Nxh6 Kxc2 49. Ng4 Kc3 50. Nxe5 fxe5 51. g3 Kd4 52. h4 gxh4 53. gxh4 Ke3 54. h5 Bc8 55. h6 Kxf3 56. h7 Kxe4 57. h8=Q Kf4 58. Bc6 1-0

[Event "Early-Titled-Tuesday-Blitz-February-06-2024"]
[Site "Chess.com"]
[Date "2024.02.06"]
[Round "8"]
[White "Zurability"]
[Black "jefferyx"]
[Result "0-1"]
[WhiteElo "2747"]
[BlackElo "3002"]
[TimeControl "180+1"]
[EndTime "9:28:20 PST"]
[Termination "jefferyx won by resignation"]

1. e4 c5 2. Nf3 d6 3. c3 Nf6 4.
Bd3 Nc6 5. h3 d5 6. exd5 Qxd5 7.
Qe2 Bf5 8. Bc4 Qe4 9. Bb5 a6 10. Bc4 e6 11. d3 Qxe2+ 12. Kxe2 h6 13. a4 Nd7 14. Bf4 g5 15. Bg3 Bg7 16. a5 Nde5 17.
Nxe5 Bxe5 18. Bxe5 Nxe5 19. Na3 Ke7 20. Rhd1 Rhd8 21. d4 cxd4 22. cxd4 Nc6 23. d5 Nxa5 24. dxe6 Nxc4 25. Nxc4 Bxe6 26. Na5 Bd5 27. Rd3 Bxg2 28. Re3+ Kf6 29. Rg1 Bd5 30. Rd1 Rd7 31. Red3 Rad8 32. Nxb7 Rxb7 33. Rxd5 Rxb2+ 34. Kf3 Rxd5 35. Rxd5 Rb6 36.
Ra5 Kg6 37. Kg4 h5+ 38. Kg3 f6 39. Ra3 Kf5 40. Ra5+ Ke4 41. Ra4+ Kd3 42. f4 Kc3 43. fxg5 fxg5 44. Ra5 Rg6 45. h4 gxh4+ 46. Kxh4 Kb4 47. Ra1 a5 48. Kxh5 Rg8 49. Rb1+ Kc3 50. Ra1 Ra8 51. Kg4 a4 52. Kf3 a3 53. Ke2 a2 0-1

[Event "Early-Titled-Tuesday-Blitz-February-06-2024"]
[Site "Chess.com"]
[Date "2024.02.06"]
[Round "8"]
[White "picturesquecheck"]
[Black "OneTrickPony_82"]
[Result "0-1"]
[WhiteElo "2386"]
[BlackElo "2541"]
[TimeControl "180+1"]
[EndTime "9:28:20 PST"]
[Termination "OneTrickPony_82 won on time"]

1. Nf3 Nf6 2. d4 d5 3. g3 Bf5 4. Bg2 h6 5. O-O e6 6. c4 c6 7.
Ne5 Be7 8. Nc3 O-O 9. Re1 Nbd7 10. b3 a5 11. Bb2 Qb8 12. Nxd7 Nxd7 13. e4 dxe4 14.
Nxe4 Rd8 15. Qd2 Nf6 16. Rad1 a4 17. Ba1 axb3 18. axb3 Nxe4 19. Bxe4 Bxe4 20. Rxe4 Bf6 21. Bc3 Ra3 22. Qb2 Qa7 23. Rd2 b5 24. Kg2 h5 25. Bb4 Ra1 26. Bc5 Qa8 27. Qc2 bxc4 28. bxc4 Qa4 29. Qd3 h4 30. Rde2 Rd1 31. Rd2 Rc1 32.
gxh4 Qa1 33. h5 Rg1+ 34. Kh3 Qa6 35. Rg4 Rxg4 36. Kxg4 e5 37. Qf5 Qxc4 38. h6 exd4 39. hxg7 Bxg7 40. f4 Qd5 0-1

[Event "Early-Titled-Tuesday-Blitz-February-06-2024"]
[Site "Chess.com"]
[Date "2024.02.06"]
[Round "8"]
[White "Rawnsdale"]
[Black "alvarorodriguezavila"]
[Result "1-0"]
[WhiteElo "2511"]
[BlackElo "2369"]
[TimeControl "180+1"]
[EndTime "9:28:20 PST"]
[Termination "Rawnsdale won on time"]

1. e4 c5 2. Nf3 g6 3. d4 Bg7 4.
c3 cxd4 5. cxd4 d5 6. e5 Nc6 7. Nc3 Bg4 8. Be2 Bxf3 9. Bxf3 e6 10. O-O Nge7 11. Bg5 O-O 12. Rc1 f6 13. exf6 Bxf6 14.
Bxf6 Rxf6 15. Re1 Nf5 16. Ne2 Qb6 17. Nf4 Nfxd4 18. Nd3 Raf8 19. Bg4 e5 20. Rf1 e4 21. Nc5 Qxb2 22. Rb1 Qc2 23. Qxc2 Nxc2 24. Nd7 b6 25. Rbc1 N2d4 26. Nxf8 Kxf8 27. Rfd1 Ke7 28. Rd2 Kd6 29. Rcd1 h5 30. Be2 Nxe2+ 31. Rxe2 Ke5 32. f3 Re6 33. fxe4 dxe4 34. Rde1 Kd5 35. h3 Nd4 36.
Rd2 Kc5 37. Rc1+ Kd5 38. Rcd1 e3 39. Rxd4+ Kc5 40. Rd8 e2 41. Re1 1-0

[Event "Early-Titled-Tuesday-Blitz-February-06-2024"]
[Site "Chess.com"]
[Date "2024.02.06"]
[Round "8"]
[White "Manukyan_Artak"]
[Black "RianKapriaga"]
[Result "1-0"]
[WhiteElo "2482"]
[BlackElo "2287"]
[TimeControl "180+1"]
[EndTime "9:28:20 PST"]
[Termination "Manukyan_Artak won on time"]

1. e4 c6 2. d4 d5 3. e5 Bf5 4. c4 e6 5. Nc3 Nd7 6. Nf3 Ne7 7.
Nh4 Bg6 8. Bg5 Qa5 9. c5 b6 10. cxb6 axb6 11. Nxg6 hxg6 12. Bd3 Nf5 13. Bxf5 gxf5 14.
O-O Bb4 15. Bd2 Bxc3 16. Bxc3 Qa6 17. Bb4 c5 18. Ba3 Qc4 19. Rc1 Qb5 20. f4 O-O 21. Rc3 Ra4 22. Qh5 Rxd4 23. Rh3 f6 24. g4 fxe5 25.
g5 Rb8 26. g6 Kf8 27. Qh8+ Ke7 28. Qxg7+ Kd6 29. Rh7 Rxf4 30. Qe7+ Kc7 31. Rxf4 exf4 32. Qxe6 Rd8 33. g7 Qe2 34. Qxe2 Kb8 35. Rh8 1-0

[Event "Early-Titled-Tuesday-Blitz-February-06-2024"]
[Site "Chess.com"]
[Date "2024.02.06"]
[Round "8"]
[White "starworld123"]
[Black "NMJeevanK"]
[Result "1-0"]
[WhiteElo "2836"]
[BlackElo "2609"]
[TimeControl "180+1"]
[EndTime "9:28:21 PST"]
[Termination "starworld123 won by resignation"]

1. Nf3 d5 2. e3 Nf6 3. b3 e6 4. Bb2 Be7 5. d4 O-O 6. Bd3 Nbd7 7. Nbd2 c5 8. O-O cxd4 9. exd4 Bd6 10. Ne5 Qc7 11.
f4 a5 12. a4 b6 13. Qe2 Bb7 14. c3 Rac8 15. Rae1 Qd8 16. g4 Bxe5 17. fxe5 Ne4 18.
Nxe4 dxe4 19. Bxe4 Bxe4 20. Qxe4 Qg5 21. Qf4 Qg6 22. h4 Qc2 23. Ba3 Qxb3 24. Bxf8 Rxf8 25. Re3 Qxa4 26. h5 Qb3 27. h6 g6 28. Qe4 a4 29.
Qc6 Qd5 30. Qxa4 b5 31. Qb4 Ra8 32. Qe7 Rf8 33. Ref3 Qe4 34. Rxf7 Qxg4+ 35. Kh2 Qe2+ 36. R1f2 Qxf2+ 37. Rxf2 Rxf2+ 38. Kg3 Rf7 39. Qxe6 Nf8 40. Qd5 b4 41. cxb4 g5 42. e6 Rf6 43. e7+ Kh8 44. Qe5 1-0

[Event "Early-Titled-Tuesday-Blitz-February-06-2024"]
[Site "Chess.com"]
[Date "2024.02.06"]
[Round "8"]
[White "chess123456s"]
[Black "cthulhuuu"]
[Result "1-0"]
[WhiteElo "2545"]
[BlackElo "2405"]
[TimeControl "180+1"]
[EndTime "9:28:21 PST"]
[Termination "chess123456s won on time"]

1. d4 Nf6 2. Nc3 d5 3. Bf4 e6 4.
Nb5 Na6 5. e3 Be7 6. Nf3 O-O 7. h4 c5 8. c3 Bd7 9. a4 c4 10. Ne5 Bxb5 11. axb5 Nc7 12. h5 Nxb5 13. Qc2 Nd6 14. f3 Nd7 15. Nxd7 Qxd7 16. e4 dxe4 17. fxe4 Qc6 18. e5 Nf5 19. Kf2 Bh4+ 20. Kg1 Bg3 21.
Bxg3 Nxg3 22. Rh3 Nf5 23. Be2 f6 24. exf6 Rxf6 25. Rf1 Raf8 26. Bf3 Ne3 27. Qc1 Qe4 28. Re1 Rxf3 29. Rxf3 Rxf3 30. gxf3 Qxf3 31. Qxe3 Qg4+ 32. Kf2 Qh4+ 33. Qg3 Qf6+ 34. Kg2 1-0

[Event "Early-Titled-Tuesday-Blitz-February-06-2024"]
[Site "Chess.com"]
[Date "2024.02.06"]
[Round "8"]
[White "angelgab3"]
[Black "Philippians46"]
[Result "0-1"]
[WhiteElo "2743"]
[BlackElo "2617"]
[TimeControl "180+1"]
[EndTime "9:28:22 PST"]
[Termination "Philippians46 won by resignation"]

1. e4 c5 2. Nf3 d6 3. d4 cxd4 4. Nxd4 Nf6 5. Nc3 a6 6. Bg5 Nbd7 7. Qe2 Qa5 8. h4 h6 9. Bd2 Qb6 10. Nb3 h5 11. O-O-O g6 12. f4 Ng4 13. Nd5 Qd8 14.
Bc3 Rg8 15. g3 b5 16. Ba5 Bb7 17. Bxd8 Kxd8 18. Bh3 Rc8 19. e5 e6 20. Bxg4 hxg4 21. Ne3 Bxh1 22. Rxh1 dxe5 23. Nxg4 exf4 24. gxf4 Ke7 25.
Rd1 Bg7 26. Qd2 Rgd8 27. Qb4+ Ke8 28. Nf2 Rc4 29. Qd6 Bh6 30. Kb1 Rxf4 31. Nd3 Rxh4 32. Ne5 Bf4 33. Nc5 Bxe5 34. Qc6 Rd4 35. Rxd4 Bxd4 36.
Nb7 Rb8 37. Nd6+ Ke7 38. Nxf7 Rb6 39. Qc7 e5 40. Nd8 g5 41. c3 Bf2 42. Nc6+ Ke6 43. Nd8+ Ke7 44. Kc2 g4 45. Kd3 g3 46. Ke2 Rf6 47.
Nc6+ Ke6 48. Nd8+ Ke7 49. Nb7 Bb6 50. Qc8 g2 0-1

[Event "Early-Titled-Tuesday-Blitz-February-06-2024"]
[Site "Chess.com"]
[Date "2024.02.06"]
[Round "8"]
[White "atalz0"]
[Black "Chessdude1987"]
[Result "0-1"]
[WhiteElo "2462"]
[BlackElo "2300"]
[TimeControl "180+1"]
[EndTime "9:28:22 PST"]
[Termination "Chessdude1987 won on time"]

1. d4 e6 2. c4 f5 3. g3 Nf6 4. Bg2 Be7 5. Nh3 O-O 6. b3 d6 7. Bb2 c6 8. O-O Qe8 9. Nc3 Bd8 10. e4 e5 11. exf5 Bxf5 12. dxe5 dxe5 13. Ng5 Qg6 14. Nf3 Qe8 15. Re1 Nbd7 16. Qe2 e4 17. Nd4 Bg4 18.
Qe3 Nc5 19. h3 Bd7 20. Ba3 Bb6 21. Rad1 Rf7 22. Kh2 Qe5 23. Re2 Qh5 24. Kg1 Bxh3 25. Bxe4 Ng4 26. Qd2 Bf1 27. Kxf1 Qh2 28. Bg2 Qxg3 29.
Nf3 Nh2+ 30. Nxh2 Qxh2 31. Bxc5 Bxc5 32. Ne4 Bb6 33. Qg5 Raf8 0-1

[Event "Early-Titled-Tuesday-Blitz-February-06-2024"]
[Site "Chess.com"]
[Date "2024.02.06"]
[Round "8"]
[White "Canal_Showdrez"]
[Black "Felix-Rose"]
[Result "0-1"]
[WhiteElo "2042"]
[BlackElo "2381"]
[TimeControl "180+1"]
[EndTime "9:28:22 PST"]
[Termination "Felix-Rose won by checkmate"]

1. d4 d5 2. Nf3 Nf6 3. e3 c5 4. b3 cxd4 5. exd4 Nc6 6. Bd3 Bg4 7. Bb2 e6 8. O-O Bd6 9. Nbd2 O-O 10. c4 Rc8 11. c5 Bb8 12. a3 a5 13. Bc3 b6 14. b4 axb4 15. axb4 bxc5 16. dxc5 d4 17.
Bb2 Nxb4 18. Bb1 e5 19. Qb3 Nc6 20. Ng5 h6 21. Nge4 Nxe4 22. Bxe4 Be6 23. Qf3 Qc7 24. Ra6 Nb4 25. Rb6 Qxc5 26. Rxb4 Qxb4 27. Ba3 Qxd2 28.
Bxf8 Kxf8 29. Bf5 Bxf5 30. Qxf5 Rc1 31. g3 Rxf1+ 32. Kxf1 Qc1+ 33. Kg2 Qc6+ 34. Kg1 g6 35. Qd3 Qc3 36. Qb5 Bc7 37. Qd7 d3 38. Qc8+ Kg7 39. Qd7 d2 40. Kg2 Qc2 41. f4 d1=Q+ 42. Kh3 Qh5# 0-1

[Event "Early-Titled-Tuesday-Blitz-February-06-2024"]
[Site "Chess.com"]
[Date "2024.02.06"]
[Round "8"]
[White "Vazabanga"]
[Black "KetiTsatsalashvili"]
[Result "0-1"]
[WhiteElo "2623"]
[BlackElo "2459"]
[TimeControl "180+1"]
[EndTime "9:28:23 PST"]
[Termination "KetiTsatsalashvili won by checkmate"]

1. d4 Nf6 2. c4 e6 3. g3 d5 4. Nf3 Bb4+ 5. Bd2 Be7 6. Bg2 O-O 7. O-O b6 8. Ne5 Bb7 9. Nc3 c6 10. Bf4 Nbd7 11. Qb3 Nxe5 12. dxe5 Nd7 13. cxd5 cxd5 14.
Rfd1 g5 15. Bc1 Nxe5 16. e4 d4 17. Be3 Bc5 18. Ne2 dxe3 19. Rxd8 exf2+ 20. Kh1 Raxd8 21. Qc3 Ng4 22. h3 Ne3 23. Qf6 Nxg2 24. Qxg5+ Kh8 25. Qf6+ Kg8 26. Kxg2 Bxe4+ 27. Kh2 Bg6 28. Rf1 Rd2 29. Nf4 Rfd8 30. h4 Rd1 31. h5 Rxf1 32. Qxd8+ Kg7 33. hxg6 Rh1+ 34. Kxh1 f1=Q+ 35. Kh2 Qg1+ 36. Kh3 Qh1+ 37. Kg4 f5+ 38. Kg5 Qh6# 0-1

[Event "Early-Titled-Tuesday-Blitz-February-06-2024"]
[Site "Chess.com"]
[Date "2024.02.06"]
[Round "8"]
[White "IriBu"]
[Black "GMCorinnaKopff"]
[Result "1-0"]
[WhiteElo "2543"]
[BlackElo "2371"]
[TimeControl "180+1"]
[EndTime "9:28:23 PST"]
[Termination "IriBu won by resignation"]

1. d4 Nf6 2. Nf3 g6 3. g3 Bg7 4. Bg2 O-O 5. O-O d6 6. Nbd2 Nbd7 7. e4 e5 8. c3 Re8 9. Re1 Qe7 10. a4 c6 11. b3 c5 12. dxc5 dxc5 13. Nc4 Rd8 14.
Qc2 b6 15. Bg5 h6 16. Be3 Bb7 17. Nfd2 Nf8 18. h3 Rd7 19. Rad1 Rad8 20. f3 Nh5 21.
Nf1 Qe6 22. Nb2 f5 23. Rxd7 Rxd7 24. exf5 gxf5 25. g4 fxg4 26. hxg4 Nf6 27. Ng3 e4 28. Bc1 Ng6 29. Nf5 Qf7 30. Bxh6 Bxh6 31. Nxh6+ Kg7 32. Nxf7 Rxf7 33. fxe4 Nxg4 34. Rf1 Rxf1+ 35. Bxf1 N6e5 36. Bg2 Kf6 37. Qd1 Kg5 38. Qd8+ Kf4 39. Qd2+ Kg3 40.
Qe1+ Kf4 41. Nd3+ Nxd3 42. Qd2+ Ke5 43. Qxd3 Bc6 44. Qg3+ 1-0

[Event "Early-Titled-Tuesday-Blitz-February-06-2024"]
[Site "Chess.com"]
[Date "2024.02.06"]
[Round "8"]
[White "KuzubovYuriy"]
[Black "Mackster23"]
[Result "1-0"]
[WhiteElo "2916"]
[BlackElo "2750"]
[TimeControl "180+1"]
[EndTime "9:28:26 PST"]
[Termination "KuzubovYuriy won by resignation"]

1. d4 Nf6 2. Nf3 d5 3. c4 e6 4. Nc3 c5 5. cxd5 Nxd5 6. e4 Nxc3 7. bxc3 cxd4 8. cxd4 Bb4+ 9. Bd2 Bxd2+ 10. Qxd2 O-O 11. Bc4 Nd7 12. O-O b6 13. Rfe1 Bb7 14. a4 Rc8 15.
Bd3 h6 16. h3 Qc7 17. a5 Qc3 18. axb6 axb6 19. Ra7 Qc6 20. Qb4 Ra8 21. Bb5 Qc7 22.
Rxa8 Rxa8 23. Bxd7 Qxd7 24. Qxb6 Ra4 25. Qb3 Ba6 26.
Qb8+ Kh7 27. Qf4 f6 28. h4 Bb7 29. Qe3 Qc6 30. Qd3 Kg8 31. Nd2 Qd6 32. Nf3 Qc6 33.
Qd2 Rc4 34. d5 exd5 35. e5 Rg4 36. exf6 d4 37. f7+ Kxf7 38. Ne5+ Kg8 39. Nxc6 Bxc6 40.
g3 1-0

[Event "Early-Titled-Tuesday-Blitz-February-06-2024"]
[Site "Chess.com"]
[Date "2024.02.06"]
[Round "8"]
[White "tandaleo"]
[Black "yaguigor"]
[Result "0-1"]
[WhiteElo "2542"]
[BlackElo "2752"]
[TimeControl "180+1"]
[EndTime "9:28:27 PST"]
[Termination "yaguigor won by resignation"]

1. f4 c5 2. b3 d5 3. Bb2 Nc6 4. e3 Nf6 5. Nf3 g6 6. Be2 Bg7 7. O-O O-O 8. d3 Ng4 9. Bxg7 Kxg7 10. Qc1 d4 11. e4 e5 12. fxe5 Ne3 13. Re1 Qe7 14.
Nbd2 Nxe5 15. Nxe5 Qxe5 16. Nf1 Nxf1 17. Rxf1 Be6 18.
Qd1 b5 19. Bg4 f5 20. exf5 Bxf5 21. Bxf5 Rxf5 22. Rxf5 Qxf5 23. Qf1 Qxf1+ 24. Rxf1 Rf8 25. Rxf8 Kxf8 26. Kf2 Ke7 27. Kf3 Ke6 28. Ke4 a5 29.
a4 bxa4 30. bxa4 Kd6 31. h4 Ke6 32. Kf4 Kf6 33. g4 h6 34. Ke4 Ke6 35. h5 g5 36. Kf3 Kd5 37. Kg3 c4 38. Kf3 c3 39.
Ke2 Kc5 40. Kf3 Kb4 41. Ke4 Kxa4 42. Kxd4 Kb4 43. Ke5 a4 44. d4 a3 45. d5 a2 46. d6 a1=Q 47. d7 Qa5+ 48. Ke6 Qd8 0-1

[Event "Early-Titled-Tuesday-Blitz-February-06-2024"]
[Site "Chess.com"]
[Date "2024.02.06"]
[Round "8"]
[White "ChessSwole"]
[Black "secrethawk1"]
[Result "1-0"]
[WhiteElo "2680"]
[BlackElo "2506"]
[TimeControl "180+1"]
[EndTime "9:28:27 PST"]
[Termination "ChessSwole won on time"]

1. e4 c6 2. d4 d5 3. e5 Bf5 4. h4 h5 5. Bd3 Bxd3 6. Qxd3 e6 7. Bg5 Be7 8. Nf3 Nh6 9. Nc3 Nf5 10. g3 O-O 11. O-O Nd7 12. Ne2 c5 13. c4 dxc4 14.
Qxc4 Bxg5 15. hxg5 cxd4 16. g6 Qe7 17. gxf7+ Qxf7 18. Nf4 Rac8 19. Qb5 Nc5 20. b4 Ne4 21. Qd3 g5 22.
Nxe6 Qxe6 23. Qxe4 g4 24. Nxd4 Qc4 25. Rad1 Rcd8 26.
Qc2 Rxd4 27. Qa4 Qxb4 28. Qxa7 Re8 29. Rb1 Qa4 30. Qxb7 Rxe5 31. Qc8+ Kg7 32. Rb7+ Ne7 33. Qc7 Rde4 34. Qd8 Re1 35. Rb8 Rxf1+ 36. Kxf1 Qc4+ 37. Kg1 Ng6 38. Rb7+ Kh6 39. Qd2+ Nf4 40. gxf4 Qd5 41.
Rb6+ Kg7 42. Qc3 Qd1+ 43. Kh2 1-0

[Event "Early-Titled-Tuesday-Blitz-February-06-2024"]
[Site "Chess.com"]
[Date "2024.02.06"]
[Round "8"]
[White "abelmat"]
[Black "salomez"]
[Result "0-1"]
[WhiteElo "2088"]
[BlackElo "2297"]
[TimeControl "180+1"]
[EndTime "9:28:27 PST"]
[Termination "salomez won by checkmate"]

1. d4 Nf6 2. c4 g6 3. Nf3 Bg7 4. g3 O-O 5. Bg2 c6 6. O-O d5 7. b3 dxc4 8. bxc4 c5 9. Bb2 cxd4 10. Bxd4 Nc6 11. Bb2 Be6 12. Nbd2 Rc8 13. Rc1 Qa5 14. Nb3 Qxa2 15. Qc2 Nb4 16. Qc3 Rxc4 17. Ra1 Rxc3 18. Rxa2 Rxb3 19. Bxf6 Bxf6 20. Rxa7 Nc6 21. Ra4 b5 22.
Ra6 Nd4 23. Nxd4 Bxd4 24. Rd1 Bc5 25. Bd5 Bxd5 26. Rxd5 Bd6 27. e4 f6 28. Kg2 Rc8 29. f4 Rc5 30. Rd2 Rc4 31. Re2 Ra3 32. Rb6 b4 33. e5 fxe5 34. fxe5 Bc5 35. Rb8+ Kf7 36. e6+ Kg7 37. Rd2 b3 38. Rdd8 Ra2+ 39. Kh3 Rb4 40.
Rbc8 b2 41. Rg8+ Kh6 42. Rxc5 b1=Q 43. g4 Rb3+ 44. Kh4 Rxh2# 0-1

[Event "Early-Titled-Tuesday-Blitz-February-06-2024"]
[Site "Chess.com"]
[Date "2024.02.06"]
[Round "8"]
[White "PabloZarnicki"]
[Black "ValentunHulka"]
[Result "1/2-1/2"]
[WhiteElo "2634"]
[BlackElo "2807"]
[TimeControl "180+1"]
[EndTime "9:28:29 PST"]
[Termination "Game drawn - insufficient material"]

1. e4 c5 2. Nf3 Nf6 3. e5 Nd5 4. Nc3 e6 5. Nxd5 exd5 6. d4 Nc6 7. c3 d6 8. Bb5 cxd4 9. Nxd4 Bd7 10. exd6 Bxd6 11. Qe2+ Qe7 12. Qxe7+ Kxe7 13. Nxc6+ bxc6 14. Bd3 f5 15. O-O f4 16. c4 Be5 17. cxd5 cxd5 18.
Bd2 Rab8 19. Rae1 Kf6 20. b3 g6 21. Re2 Bg4 22. f3 Bf5 23. Bxf5 Kxf5 24. Rfe1 Bd4+ 25. Kf1 Bf6 26. g4+ fxg3 27. hxg3 h5 28. Re6 Rb6 29.
Rxf6+ Rxf6 30. Bc3 g5 31. Kg2 Rc8 32. g4+ hxg4 33.
fxg4+ Kg6 34. Bxf6 Rc2+ 35. Kf3 Kxf6 36. Re2 Rc3+ 37.
Re3 d4 38. Rxc3 dxc3 39. Ke3 Ke5 40. b4 c2 41. Kd2 Kf4 42. a4 Kxg4 43. b5 Kf5 44. a5 g4 45. b6 axb6 46. axb6 g3 47. b7 g2 48. b8=Q c1=Q+ 49. Kxc1 g1=Q+ 50. Kd2 Qg2+ 51. Kd3 Qe4+ 52. Kd2 Qf4+ 53. Qxf4+ Kxf4 1/2-1/2

[Event "Early-Titled-Tuesday-Blitz-February-06-2024"]
[Site "Chess.com"]
[Date "2024.02.06"]
[Round "8"]
[White "AniJak"]
[Black "BeardedNM"]
[Result "1-0"]
[WhiteElo "2374"]
[BlackElo "2211"]
[TimeControl "180+1"]
[EndTime "9:28:29 PST"]
[Termination "AniJak won by resignation"]

1. e4 e6 2. d4 d5 3. Nc3 Bb4 4. Ne2 dxe4 5. a3 Be7 6. Nxe4 Nf6 7. N2g3 O-O 8. Bd3 Qxd4 9. Nxf6+ Bxf6 10. O-O g6 11. Bh6 Rd8 12. Qf3 Nc6 13. Ne4 Bg7 14. Bg5 f5 15. Nc3 Re8 16. Nb5 Qd7 17. Rad1 Ne5 18.
Qg3 Nxd3 19. Nxc7 f4 20. Bxf4 e5 21. Nxe8 exf4 22. Qxd3 Qxe8 23. Rfe1 Qf7 24. Qd8+ Bf8 25. Re8 Bg4 26. Qxa8 Bxd1 27. Rd8 Bxc2 28. Qxa7 Bf5 29. h3 Kg7 30. Qd4+ Qf6 31. Qxf6+ Kxf6 32. Rxf8+ Ke5 33.
Rb8 Be4 34. f3 Bc6 35. Rh8 h5 36. Kf2 Kf6 37. Rd8 Kg5 38. b3 Kf6 39. a4 g5 40.
a5 g4 41. Rd6+ Ke5 42. Rxc6 bxc6 43. a6 Kd6 44. a7 1-0

[Event "Early-Titled-Tuesday-Blitz-February-06-2024"]
[Site "Chess.com"]
[Date "2024.02.06"]
[Round "8"]
[White "cthake"]
[Black "Kostukov_Alex"]
[Result "1-0"]
[WhiteElo "1811"]
[BlackElo "2280"]
[TimeControl "180+1"]
[EndTime "9:28:29 PST"]
[Termination "cthake won on time"]

1. e4 c5 2. Nf3 g6 3. d4 cxd4 4. Nxd4 Bg7 5. Be3 Nc6 6. Nxc6 bxc6 7. Nc3 Nf6 8. f3 O-O 9. Bc4 d6 10. O-O Be6 11. Bb3 Bxb3 12. axb3 Qc7 13. Qd2 Rfd8 14. Rfd1 d5 15. Qf2 dxe4 16. Rxd8+ Qxd8 17. Rxa7 exf3 18. Rxa8 Qxa8 19. Qxf3 h5 20. Na4 Nd5 21. Bc5 Qa5 22. Qe2 e5 23. h3 Nf4 24. Qf2 Qb5 25. Nc3 Qa6 26. b4 Qa1+ 27. Kh2 Qxb2 28. Ne4 Nd5 29.
Nd6 f5 30. Ne8 e4 31. Nxg7 Qxg7 32. Bd4 Qc7+ 33. Kh1 Kh7 34. c3 Qe7 35. Kh2 f4 36.
Qe2 e3 37. Kh1 Qg5 38. Qf3 1-0